 Dungeon Crawl Stone Soup version 0.21.1-1-g345015f (webtiles) character file.

15675 nicolaieve the Severer (level 12, -8/108 HPs)
             Began as a Minotaur Berserker on June 12, 2018.
             Was a High Priest of Trog.
             Splashed by an oklob plant's acid (10 damage)
             ... on level 2 of the Lair of Beasts.
             The game lasted 00:50:00 (9364 turns).

nicolaieve the Severer (Minotaur Berserker)         Turns: 9364, Time: 00:50:03

Health: -8/108     AC:  0    Str: 23    XL:     12   Next: 3%
Magic:  11/11      EV: 15    Int:  4    God:    Trog [*****.]
Gold:   369        SH:  5    Dex: 14    Spells: 11/11 levels left

rFire    . . .     SeeInvis .   J - +1 war axe (flame)
rCold    . . .     Gourm    .   n - +0 buckler
rNeg     . . .     Faith    +   r - +3 ring mail
rPois    .         Spirit   .   (helmet restricted)
rElec    .         Reflect  .   f - +0 cloak
rCorr    .         Harm     .   (no gloves)
MR       ++...                  v - +0 pair of boots
Stlth    ++........             w - amulet of faith
HPRegen  1.28/turn              I - +2 ring of protection
MPRegen  0.12/turn              p - ring of stealth

@: corroded, berserk cooldown, regenerating, slowed, very slow
A: retaliatory headbutt, horns 2
a: Berserk, Trog's Hand, Brothers in Arms, Burn Spellbooks, Renounce Religion


You were on level 2 of the Lair of Beasts.
You worshipped Trog.
Trog was extremely pleased with you.
You were very hungry.

You visited 3 branches of the dungeon, and saw 12 of its levels.
You also visited: Sewer.

You collected 369 gold pieces.

Inventory:

Hand Weapons
 E - the +4 hand axe of Dividends {venom, +Rage rF- rC+ Dex+2}
   (You found it on level 4 of the Dungeon)

   It poisons the flesh of those it strikes.
   It affects your dexterity (+2).
   It makes you vulnerable to fire.
   It protects you from cold.
   It lets you go berserk.
 J - a +1 war axe of flaming (weapon)
 O - a +1 antimagic lajatang
Missiles
 d - 350 stones (quivered)
Armour
 f - a +0 cloak (worn)
 n - a +0 buckler (worn)
 r - a +3 ring mail (worn)
 v - a +0 pair of boots (worn)
 H - a +0 scale mail
Jewellery
 p - a ring of stealth (right hand)
 w - an amulet of faith (around neck)
 x - an uncursed ring of fire
 I - a +2 ring of protection (left hand)
 S - a cursed amulet of inaccuracy {unknown}
Wands
 a - a wand of random effects (26)
 D - a wand of paralysis (6)
 L - a wand of scattershot (5)
 M - a wand of disintegration (40)
 N - a wand of flame (33)
 T - a wand of digging (8)
Scrolls
 e - 2 scrolls of magic mapping {unknown}
 g - 3 scrolls of enchant weapon
 h - a scroll of remove curse
 j - 5 scrolls of teleportation
 l - a scroll of random uselessness {unknown}
 m - 3 scrolls of amnesia {unknown}
 o - 2 scrolls of immolation {unknown}
 t - 3 scrolls of fog {unknown}
 y - 2 scrolls of blinking {unknown}
 A - 3 scrolls of fear {unknown}
 K - 2 scrolls of enchant armour {unknown}
 P - a scroll of identify
Potions
 b - a potion of might
 i - 3 potions of cancellation
 k - 5 potions of degeneration
 q - 2 potions of haste
 s - 8 potions of curing
 u - 3 potions of brilliance
 z - 2 potions of mutation
 B - a potion of magic
 C - 2 potions of flight
 G - a potion of ambrosia
 Q - a potion of heal wounds {unknown}
 U - a potion of agility {unknown}
Books
 F - a book of Maledictions

   Spells                             Type                      Level
   a - Corona                         Hexes                        1
   b - Ensorcelled Hibernation        Hexes/Ice                    2
   c - Confuse                        Hexes                        3
   d - Tukima's Dance                 Hexes                        3
   e - Dazzling Spray                 Conjuration/Hexes            3
   Trog disapproves of the use of such an item.
Comestibles
 c - 25 rations
 R - 10 chunks of flesh


   Skills:
 + Level 10.7 Fighting
 + Level 16.2 Axes
 + Level 9.7 Armour
 + Level 7.0 Dodging
 * Level 4.7 Shields


You had 11 spell levels left.
You didn't know any spells.

Dungeon Overview and Level Annotations

Branches:
Dungeon (8/15)             Temple (1/1) D:5            Lair (3/6) D:8
 Shoals (0/4) Lair:2
  Snake: Lair:2-4    Spider: Lair:2-4

Altars:
Ashenzari
Cheibriados
Dithmenos
Elyvilon
Fedhas
Gozag
Hepliaklqana
Kikubaaqudgha
Makhleb
Nemelex Xobeh
Okawaru
Qazlal
Sif Muna
Uskayaw
Xom
Yredelemnul
Zin

Shops:
D:5 !

Annotations:
D:5 1 transporter
Lair:2 exclusion: oklob plant


Innate Abilities, Weirdness & Mutations

You reflexively headbutt those who attack you in melee.
You have a pair of horns on your head.


Message History

You hit the oklob plant but do no damage.
You headbutt the oklob plant, but do no damage.
The oklob plant is lightly damaged.
The oklob plant spits acid at you. The splash of acid hits you!
The acid corrodes you!
You are splashed with acid!
The acid burns!
There is an open door here.
The oklob plant spits acid at you. The splash of acid hits you!
* * * LOW HITPOINT WARNING * * *
You are splashed with acid!
The acid burns!
* * * LOW HITPOINT WARNING * * *
You feel better. The oklob plant spits acid at you.
You block the splash of acid. The oklob plant spits acid at you.
The splash of acid hits you!
* * * LOW HITPOINT WARNING * * *
You are splashed with acid!
The acid burns!
You die...

....#....... #..P##.##...####
....#........##...##....##...####
......>......#.....#..........#.#
.... #......<#..P..#.........#.##
.... ........#.....#........####
.... ........##...##.......###
..[.#........##...##....#....#
P#...........###'###...##.####
....(#######.###@###......##
.....#.....#...............##
....(#.....#P...............#
.....#.....##...........#####
....(#.....#............#P..#
....(#.....#....###....P#.P#
.....##.####.)..##.......#
......#........###........#
.......>........##......###


You could see an oklob plant.

Vanquished Creatures
  2 hydras
  The ghost of diana the Carver, a novice DrMo of Ashenzari (D:8)
  The ghost of nicolaieve the Cleaver, a novice MiBe of Trog (D:5)
  4 spiny frogs
  A komodo dragon (Lair:1)
  A queen bee (Lair:3)
  8 blink frogs
  A hippogriff (D:6)
  23 yaks
  The ghost of nicolaieve the Chopper, an amateur MiBe of Trog (D:4)
  A hungry ghost (D:8)
  5 porcupines
  4 water moccasins (Lair:1)
  2 sky beasts
  A black bear (Lair:2)
  Purgy (Sewer)
  An orc warrior (D:8)
  4 ogres
  A phantom (D:7)
  6 centaurs
  9 crocodiles
  2 big kobolds
  9 bullfrogs
  2 scorpions
  21 killer bees
  A howler monkey (D:5)
  A crimson imp (D:6)
  10 jellies (Lair:2)
  4 orc priests
  9 orc wizards
  3 bullfrog skeletons
  3 hounds (D:7)
  Natasha (D:4)
  3 iguanas
  8 worker ants
  2 hound skeletons
  4 worker ant zombies
  A howler monkey zombie (D:8)
  3 gnolls (D:5)
  9 adders
  A river rat (D:4)
  2 shadow imps
  12 oozes
  An adder skeleton (D:8)
  2 adder zombies (D:5)
  2 worms
  A dart slug (D:1)
  2 leopard geckos
  23 orcs
  3 giant cockroaches
  9 goblins
  3 hobgoblins
  2 jackals (D:1)
  10 kobolds
  3 quokkas
  2 ball pythons
  9 bats
  10 frilled lizards
  6 rats
  2 plants (Lair:1)
279 creatures vanquished.

Vanquished Creatures (collateral kills)
  A hydra (Lair:2)
  2 killer bees (Lair:2)
3 creatures vanquished.

Vanquished Creatures (others)
  6 fungi
  19 plants
25 creatures vanquished.

Grand Total: 307 creatures vanquished

Notes
Turn   | Place    | Note
-------+----------+-------------------------------------------
     0 | D:1      | nicolaieve the Minotaur Berserker began the quest for the Orb.
     0 | D:1      | Reached XP level 1. HP: 19/19 MP: 0/0
    31 | D:1      | Reached skill level 4 in Axes
   290 | D:1      | Reached XP level 2. HP: 27/27 MP: 1/1
   704 | D:2      | Reached skill level 5 in Axes
   704 | D:2      | Reached XP level 3. HP: 24/33 MP: 2/2
   786 | D:2      | Reached ** piety under Trog
   887 | D:2      | Reached XP level 4. HP: 34/40 MP: 3/3
   940 | D:2      | Found an opulent altar of Gozag.
   969 | D:2      | Reached skill level 6 in Axes
  1234 | D:3      | Reached XP level 5. HP: 41/46 MP: 4/4
  1363 | D:3      | Reached skill level 7 in Axes
  1704 | D:3      | Reached skill level 8 in Axes
  1931 | D:4      | Found a glowing drain.
  1943 | D:4      | Reached *** piety under Trog
  1952 | Sewer    | Entered a sewer
  2029 | Sewer    | Reached XP level 6. HP: 52/52 MP: 5/5
  2032 | Sewer    | Noticed Purgy
  2046 | Sewer    | Killed Purgy
  2199 | D:4      | Got an encrusted hand axe
  2200 | D:4      | Identified the +4 hand axe of Dividends {venom, +Rage rF- rC+ Dex+2} (You found it on level 4 of the Dungeon)
  2435 | D:4      | Reached skill level 9 in Axes
  2447 | D:4      | Noticed Natasha
  2456 | D:4      | Killed Natasha
  2689 | D:4      | Noticed nicolaieve's ghost (amateur MiBe)
  2698 | D:5      | Entered Level 5 of the Dungeon
  2709 | D:4      | Killed nicolaieve's ghost
  2709 | D:4      | Reached XP level 7. HP: 37/58 MP: 6/6
  2729 | D:5      | Found Nugg's Distillery.
  2739 | D:5      | Reached skill level 10 in Axes
  2950 | D:5      | Reached **** piety under Trog
  3030 | D:5      | Found a staircase to the Ecumenical Temple.
  3050 | D:5      | Reached skill level 11 in Axes
  3050 | D:5      | Reached XP level 8. HP: 48/66 MP: 7/7
  3142 | D:5      | Found a sparkling altar of Nemelex Xobeh.
  3142 | D:5      | Found a transporter.
  3142 | D:5      | Noticed a cyan ugly thing
  3418 | D:5      | Noticed nicolaieve's ghost (novice MiBe)
  3431 | D:5      | Killed nicolaieve's ghost
  3431 | D:5      | Reached skill level 12 in Axes
  3821 | Temple   | Entered the Ecumenical Temple
  3921 | D:6      | Noticed a hippogriff
  3928 | D:6      | Killed a hippogriff
  3928 | D:6      | Reached skill level 13 in Axes
  4389 | D:6      | Reached XP level 9. HP: 65/71 MP: 8/8
  4422 | D:6      | Found a stormy altar of Qazlal.
  4979 | D:7      | Reached ***** piety under Trog
  5121 | D:7      | Reached skill level 14 in Axes
  5527 | D:7      | Received a gift from Trog
  5689 | D:8      | Noticed diana's ghost (novice DrMo)
  5715 | D:8      | Killed diana's ghost
  5715 | D:8      | Reached skill level 5 in Fighting
  5821 | D:8      | Found a blossoming altar of Fedhas.
  5858 | D:8      | Found a staircase to the Lair.
  5865 | D:8      | Reached skill level 15 in Axes
  5865 | D:8      | Reached skill level 5 in Armour
  5872 | D:8      | Reached XP level 10. HP: 71/81 MP: 9/9
  6412 | Lair:1   | Entered Level 1 of the Lair of Beasts
  6421 | Lair:1   | Received a gift from Trog
  6593 | Lair:1   | Reached skill level 16 in Axes
  7004 | Lair:1   | Noticed a spiny frog
  7015 | Lair:1   | Killed a spiny frog
  7016 | Lair:1   | Reached skill level 5 in Dodging
  7017 | Lair:1   | Reached XP level 11. HP: 34/94 MP: 10/10
  7253 | Lair:1   | Noticed a four-headed hydra
  7261 | Lair:1   | Killed a one-headed hydra
  7812 | Lair:2   | Noticed a four-headed hydra
  7817 | Lair:2   | Killed a three-headed hydra
  7817 | Lair:2   | Reached skill level 1 in Shields
  7827 | Lair:2   | You fall through a shaft!
  7873 | Lair:3   | Noticed a five-headed hydra
  7887 | Lair:3   | Killed a one-headed hydra
  8575 | Lair:2   | Reached skill level 10 in Fighting
  8631 | Lair:2   | Found a staircase to the Shoals.
  8871 | Lair:2   | Received a gift from Trog
  9312 | Lair:2   | Reached XP level 12. HP: 108/108 MP: 11/11
  9364 | Lair:2   | HP: 2/108 [oklob plant/splash of acid (20)]
  9364 | Lair:2   | Splashed by an oklob plant's acid

Skill      XL: |  1  2  3  4  5  6  7  8  9 10 11 |
---------------+----------------------------------+-----
Axes           | 4 5 6 8 9 11 13 15 16 | 16.2
Fighting       | 4 5 8 10 | 10.7
Armour         | 3 5 7 9 |  9.7
Dodging        | 3 5 7 |  7.0
Shields        | 4 |  4.7

Action                   |  1- 3 |  4- 6 |  7- 9 | 10-12 || total
-------------------------+-------+-------+-------+-------++-------
Melee: Hand axe          |    66 |   117 |   144 |       ||   327
       Headbutt          |     8 |    20 |    41 |    49 ||   118
       War axe           |       |       |    92 |   267 ||   359
Invok: Berserk           |       |     2 |     1 |     6 ||     9
       Trog's Hand       |       |       |       |     5 ||     5
       Brothers in Arms  |       |       |       |     1 ||     1
  Use: Scroll            |       |     8 |     4 |     1 ||    13
       Potion            |       |       |       |     1 ||     1
 Stab: Sleeping          |     1 |       |     2 |     1 ||     4
       Distracted        |       |       |     1 |       ||     1
  Eat: Chunk             |       |     5 |     9 |    11 ||    25
       Ration            |       |     1 |       |     3 ||     4
Armor: Animal skin       |    10 |       |       |       ||    10
       Chain mail        |    12 |       |       |       ||    12
       Ring mail         |       |    51 |    70 |   119 ||   240
Dodge: Dodged            |    44 |    73 |    83 |   233 ||   433
Block: Buckler           |       |       |       |    30 ||    30
